 Dungeon Crawl Stone Soup version 0.25-b1-41-g19641232cd (webtiles) character file.

Game seed: 16840904971535839445

6949 snowfan the Thaumaturge (level 10, -3/63 HPs)
             Began as a Mummy Fire Elementalist on June 9, 2020.
             Was a Follower of Vehumet.
             Killed from afar by a wyvern skeleton (66 damage)
             ... with an exploding inner flame
             ... hexed by the player character
             ... on level 9 of the Dungeon.
             The game lasted 00:55:10 (15014 turns).

snowfan the Thaumaturge (Mummy Fire Elementalist)  Turns: 15014, Time: 00:55:11

Health: -3/63      AC:  4    Str: 12    XL:     10   Next: 80%
Magic:  16/25      EV: 12    Int: 17    God:    Vehumet [*.....]
Gold:   92         SH:  5    Dex: 13    Spells: 14/31 levels left

rFire    x . .     SeeInvis .   g - +0 hunting sling
rCold    + . .     Gourm    .   (no shield)
rNeg     + + +     Faith    .   a - +0 robe
rPois    ∞         Spirit   .   v - +0 helmet
rElec    .         Reflect  +   (no cloak)
rCorr    .         Harm     .   (no gloves)
MR       +....                  h - +0 pair of boots
Stlth    ++........             i - amulet of reflection
HPRegen  0.20/turn              p - ring of wizardry
MPRegen  0.19/turn              (no ring)

@: no status effects
A: no food or potions, fire vulnerability, cold resistance 1, negative energy
resistance 3, torment resistance, unbreathing
a: Renounce Religion


You were on level 9 of the Dungeon.
You worshipped Vehumet.
Vehumet was aware of your devotion.
You were not hungry.

You visited 2 branches of the dungeon, and saw 10 of its levels.

You collected 372 gold pieces.
You spent 280 gold pieces at shops.

Inventory:

Hand Weapons
 g - a +0 hunting sling (weapon)
Missiles
 c - 268 stones (quivered)
 m - 56 sling bullets
Armour
 a - a +0 robe (worn)
 h - a +0 pair of boots (worn)
 v - a +0 helmet (worn)
Jewellery
 i - an amulet of reflection (around neck)
 p - a ring of wizardry (left hand)
 x - an uncursed amulet of guardian spirit
Wands
 j - a wand of acid (24)
 n - a wand of flame (16)
 s - a wand of enslavement (4)
 w - a wand of iceblast (9)
Scrolls
 d - 5 scrolls of remove curse
 e - 3 scrolls of noise
 f - 11 scrolls of identify
 k - a scroll of fear
 l - 5 scrolls of teleportation
 o - a scroll of enchant weapon
 q - a scroll of brand weapon
 r - a scroll of amnesia
 y - a scroll of blinking


   Skills:
 - Level 1.5 Dodging
 - Level 1.5 Stealth
 - Level 11.2 Spellcasting
 + Level 8.4 Conjurations
 * Level 0.4 Hexes
 + Level 8.5 Fire Magic


You had 14 spell levels left.
You knew the following spells:

 Your Spells              Type           Power        Failure   Level  Hunger
a - Magic Dart            Conj           ####         1%          1    N/A
c - Sticky Flame          Conj/Fire      #####...     1%          4    N/A
d - Conjure Flame         Conj/Fire      #####...     1%          3    N/A
f - Fireball              Conj/Fire      #####.....   2%          5    N/A
q - Foxfire               Conj/Fire      ####         1%          1    N/A
x - Inner Flame           Hex/Fire       ###.....     1%          3    N/A

Your spell library contained the following spells:

 Spells                   Type           Power        Failure   Level  Hunger


Dungeon Overview and Level Annotations

Branches:
Dungeon (9/15)             Temple (1/1) D:7            Lair (0/6) D:8
    Orc: D:9-12

Altars:
Ashenzari
Cheibriados
Dithmenos
Elyvilon
Fedhas
Gozag
Kikubaaqudgha
Makhleb
Nemelex Xobeh
Okawaru
Qazlal
Sif Muna
Trog
Uskayaw
Vehumet
Yredelemnul
Zin
The Shining One
Beogh

Shops:
D:7 ?

Annotations:
D:7 3 runed translucent doors, Statics's ghost, novice OpFi


Innate Abilities, Weirdness & Mutations

You do not eat or drink.
Your flesh is vulnerable to fire.
You are immune to poison.
Your flesh is cold resistant. (rC+)
You are immune to negative energy. (rN+++)
You are immune to unholy pain and torment.
You can survive without breathing.


Message History

Aim: a wyvern skeleton (chance to defeat MR: 88%)
The wyvern skeleton is filled with an inner flame.
Casting: Inner Flame (safe; 1% risk of failure)
Confirm with . or Enter, or press ? or * to list all spells.
Aiming: Sticky Flame (dangerous; 1% risk of failure)
Press: ? - help, Shift-Dir - straight line, f/p - wyvern skeleton
Aim: a wyvern skeleton (flame, inner flame)
The sticky flame hits the wyvern skeleton.
Flame seeps out of the wyvern skeleton.
The wyvern skeleton is lightly damaged.
The wyvern skeleton is covered in liquid flames!
The wyvern skeleton burns!
Flame seeps out of the wyvern skeleton.
The wyvern skeleton is engulfed in blazing flames.
Flame seeps out of the wyvern skeleton.
The wyvern skeleton barely misses you.
The wyvern skeleton burns!
Flame seeps out of the wyvern skeleton.
The wyvern skeleton is engulfed in blazing flames.
The wyvern skeleton explodes!
The fiery explosion engulfs you!!! The fire burns you terribly!
Ouch! That really hurt!
You die...

##†#.## #÷#..## ##
#.#...# .#
######.#...#### .#
#<##.!........#
###.###
#.##.#........#
#.....#
#.##.##..######
#.....# #.##
#..#########§)...#
#.#
#.>.)...>.@§§)o%.#
#.#
###############...#
#.# ...# #.# Z.#
#.# .... ..# .###
### .#


You could see an orc.

Vanquished Creatures
  3 two-headed ogres
  Joseph (D:7)
  A hornet (D:9)
  A troll (D:9)
  Grinder (D:6)
  A hippogriff (D:7)
  A wyvern (D:9)
  A water moccasin (D:8)
  A black bear (D:9)
  2 orc warriors (D:9)
  An ice beast (D:6)
  3 ogres
  2 necrophages
  2 phantoms
  4 centaurs
  5 bullfrogs
  4 scorpions
  7 killer bees (D:8)
  A howler monkey (D:4)
  4 wights (D:7)
  An electric eel (D:8)
  4 crimson imps
  A bullfrog zombie (D:5)
  8 hounds
  2 orc priests
  3 jellies (D:8)
  3 centaur skeletons
  9 orc wizards
  A bullfrog skeleton (D:8)
  An iguana (D:6)
  2 worker ants
  A killer bee zombie (D:6)
  A hound skeleton (D:8)
  A howler monkey zombie (D:7)
  A worker ant zombie (D:8)
  10 gnolls
  8 adders
  2 shadow imps
  An ooze (D:1)
  An adder skeleton (D:6)
  3 worms
  A dart slug (D:2)
  2 leopard geckos
  35 orcs
  10 bats
  3 giant cockroaches
  7 goblins
  5 hobgoblins
  4 jackals (D:2)
  8 kobolds
  3 quokkas
  3 ball pythons
  3 frilled lizards
  2 quokka skeletons
  7 rats
203 creatures vanquished.

Vanquished Creatures (others)
  A leopard gecko (D:8)
  A jackal zombie (D:8)
  672 foxfires
674 creatures vanquished.

Grand Total: 877 creatures vanquished

Notes
Turn   | Place    | Note
-------+----------+-------------------------------------------
     0 | D:1      | snowfan the Mummy Fire Elementalist began the quest for the
                  | Orb.
     0 | D:1      | Reached XP level 1. HP: 13/13 MP: 4/4
     4 | D:1      | Noticed a halfling
     4 | D:1      | Noticed an octopode
     6 | D:1      | Noticed a human
     6 | D:1      | Noticed a spriggan
    10 | D:1      | Noticed a felid
    10 | D:1      | Noticed a naga
    12 | D:1      | Noticed a minotaur
    12 | D:1      | Noticed a vampire
    14 | D:1      | Noticed a tengu
    14 | D:1      | Noticed a demonspawn
    16 | D:1      | Noticed an ogre
    16 | D:1      | Noticed a vine stalker
    19 | D:1      | Noticed a merfolk
    19 | D:1      | Noticed a troll
    21 | D:1      | Noticed a demigod
    21 | D:1      | Noticed a ghoul
    23 | D:1      | Noticed a formicid
    23 | D:1      | Noticed a dwarf
    25 | D:1      | Noticed a centaur
    25 | D:1      | Noticed a gargoyle
    27 | D:1      | Noticed an elf
    27 | D:1      | Noticed a draconian
    43 | D:1      | Reached skill level 3 in Spellcasting
   435 | D:1      | Reached XP level 2. HP: 19/19 MP: 4/6
   699 | D:1      | Reached skill level 4 in Spellcasting
  1189 | D:1      | Reached XP level 3. HP: 6/24 MP: 6/9
  1689 | D:2      | Reached skill level 5 in Spellcasting
  1806 | D:2      | Found a basalt altar of Yredelemnul.
  2002 | D:2      | Reached XP level 4. HP: 30/30 MP: 7/11
  3059 | D:3      | Reached skill level 6 in Spellcasting
  3560 | D:3      | Reached XP level 5. HP: 23/35 MP: 10/14
  4052 | D:3      | Reached skill level 7 in Spellcasting
  4314 | D:4      | Reached skill level 1 in Conjurations
  4524 | D:4      | Reached XP level 6. HP: 40/41 MP: 8/16
  5375 | D:4      | Reached XP level 7. HP: 46/46 MP: 15/17
  5380 | D:4      | Learned a level 3 spell: Conjure Flame
  5387 | D:4      | Learned a level 3 spell: Inner Flame
  5427 | D:5      | Entered Level 5 of the Dungeon
  6063 | D:5      | Learned a level 4 spell: Sticky Flame
  6069 | D:5      | Learned a level 5 spell: Fireball
  6294 | D:5      | Found a burning altar of Makhleb.
  6909 | D:6      | Reached skill level 8 in Spellcasting
  7085 | D:6      | Reached XP level 8. HP: 52/52 MP: 11/20
  7541 | D:6      | Found a sparkling altar of Nemelex Xobeh.
  7544 | D:6      | Noticed Grinder
  7555 | D:6      | Killed Grinder
  7929 | D:6      | Reached skill level 5 in Fire Magic
  8276 | D:6      | Reached skill level 5 in Conjurations
  8333 | D:6      | Reached skill level 9 in Spellcasting
  8849 | D:7      | Found the +6 shillelagh "Devastator" {shatter}
  8889 | D:7      | Found a staircase to the Ecumenical Temple.
  8907 | Temple   | Entered the Ecumenical Temple
  8920 | Temple   | Became a worshipper of Vehumet
  9336 | D:7      | Found Ceihaxt's Magic Scroll Boutique.
  9368 | D:7      | Bought a scroll of remove curse for 33 gold pieces
  9368 | D:7      | Bought a scroll of blinking for 82 gold pieces
  9368 | D:7      | Bought 2 scrolls of identify for 44 gold pieces
  9368 | D:7      | Bought a scroll of identify for 22 gold pieces
  9368 | D:7      | Bought a scroll of identify for 22 gold pieces
  9368 | D:7      | Bought a scroll of teleportation for 33 gold pieces
  9368 | D:7      | Bought a scroll of noise for 11 gold pieces
  9368 | D:7      | Bought a scroll of teleportation for 33 gold pieces
  9578 | D:7      | Reached XP level 9. HP: 57/57 MP: 3/22
  9766 | D:7      | Noticed Joseph
  9776 | D:7      | Killed Joseph
 10175 | D:7      | Reached skill level 10 in Spellcasting
 10445 | D:7      | Found a runed translucent gate.
 10445 | D:7      | Noticed Statics's ghost (novice OpFi)
 10447 | D:7      | Found a runed translucent gate.
 10448 | D:7      | Found a runed translucent gate.
 10450 | D:7      | Identified the +9 battleaxe of Embarrassment {drain,
                  | +Blink}
 10450 | D:7      | Identified the +9 plate armour of Zin's Displeasure {+Fly
                  | rPois rN++ Dex-5}
 10455 | D:7      | Found a roughly hewn altar of Beogh.
 11338 | D:8      | Noticed a two-headed ogre
 11552 | D:8      | Killed a two-headed ogre
 11640 | D:8      | Noticed a two-headed ogre
 11661 | D:8      | Killed a two-headed ogre
 11661 | D:8      | Reached skill level 11 in Spellcasting
 11661 | D:8      | Reached XP level 10. HP: 63/63 MP: 4/25
 11782 | D:8      | Found a staircase to the Lair.
 12054 | D:8      | Found a burning altar of Makhleb.
 12502 | D:7      | Reached * piety under Vehumet
 12502 | D:7      | Offered knowledge of Magic Dart by Vehumet.
 12507 | D:7      | Learned a level 1 spell: Magic Dart
 14252 | D:9      | Noticed a two-headed ogre
 14261 | D:9      | Killed a two-headed ogre
 15014 | D:9      | Killed from afar by a wyvern skeleton

Illustrated notes

Levels and vault maps discovered:
D:1:      kb_arrival_jail, layout_basic, chequers_serial_rivers_small_a,
          minivault_27
D:2:      layout_basic, yredelemnul_altar_generic, kennysheep_path_1
D:3:      layout_loops_cross, cheibrodos_sewer_entry_bend
D:4:      layout_loops_ring
D:5:      layout_basic, makhleb_blood_cavern_becter, serial_glass,
          glass_columns_b, glass_columns_a, first_ration,
          chequers_serial_rivers_small_a
D:6:      kennysheep_six_static_rooms, layout_loops_ring,
          nemelex_xobeh_ov_fountains_minmay, uniq_grinder
D:7:      minmay_general_purpose_star, layout_cave_pods,
          minmay_temple_entry_wispy, serial_shops, nicolae_shop_statue_plus,
          biasface_ghost_orc_armoury, uniq_joseph
D:8:      layout_basic, lair_entry_dummy, basic_altar
D:9:      layout_basic, chequers_temple_overflow_minitemple, orc_0_dummy
Temple:   eino_wide_crystal_templ

Skill      XL: |  1  2  3  4  5  6  7  8  9 10 |
---------------+-------------------------------+-----
Spellcasting   | 3 4 5 6 7 8 9 11 | 11.2
Conjurations   | 2 3 4 5 7 8 |  8.4
Fire Magic     | 3 4 5 7 8 |  8.5
Dodging        | |  1.5
Stealth        | |  1.5
Hexes          | |  0.4

Action                   |  1- 3 |  4- 6 |  7- 9 | 10-12 || total
-------------------------+-------+-------+-------+-------++-------
Melee: Hand axe          |     4 |    53 |    65 |    36 ||   158
       Unarmed           |     1 |       |       |       ||     1
 Fire: Hunting sling     |       |       |       |    16 ||    16
 Cast: Foxfire           |    77 |   161 |   183 |    53 ||   474
       Conjure Flame     |       |       |    27 |    24 ||    51
       Sticky Flame      |       |       |    14 |    11 ||    25
       Fireball          |       |       |     6 |    16 ||    22
       Inner Flame       |       |       |     2 |     7 ||     9
       Magic Dart        |       |       |       |    59 ||    59
Evoke: Wand              |       |       |     3 |       ||     3
  Use: Scroll            |       |     1 |     8 |     3 ||    12
 Stab: Sleeping          |       |     2 |     1 |       ||     3
Armor: Robe              |     3 |    19 |    16 |     5 ||    43
Dodge: Dodged            |    19 |    70 |    77 |    33 ||   199
Block: Other             |       |       |    24 |    20 ||    44
       Reflection        |       |       |     4 |     1 ||     5
